 Dungeon Crawl Stone Soup version 0.27-a0-951-gae3e1deef5 (webtiles) character file.

Game seed: 1907676354537007408

11 Alarkh the Insei (level 2, 5/22 HPs)
             Began as a Demonspawn Gladiator on Apr 11, 2021.
             Got out of the dungeon alive.
             The game lasted 00:01:11 (186 turns).

Alarkh the Insei (Demonspawn Gladiator)              Turns: 186, Time: 00:01:12

Health: 5/22       AC:  4    Str: 14    XL:     2   Next: 13%
Magic:  2/2        EV: 12    Int:  9    God:
Gold:   0          SH:  0    Dex: 14    Spells: 1/1 levels left

rFire    . . .     SeeInvis .     - Unarmed
rCold    . . .     Faith    .   (no shield)
rNeg     . . .     Spirit   .   a - +0 leather armour
rPois    .         Reflect  .   b - +0 helmet
rElec    .         Harm     .   (no cloak)
rCorr    .         Rampage  .   (no gloves)
Will     .....                  (no boots)
Stlth    +.........             (no amulet)
HPRegen  0.07/turn              (no ring)
MPRegen  0.16/turn              (no ring)

@: no status effects
A: magic regeneration
a: no special abilities


You escaped.
You visited 1 branch of the dungeon, and saw 1 of its levels.

Inventory:

Missiles
 c - 3 throwing nets (quivered)
Armour
 a - a +0 leather armour (worn)
 b - a +0 helmet (worn)
Scrolls
 e - a scroll of teleportation {unknown}
Potions
 d - a potion of berserk rage {unknown}
 f - a potion of degeneration {unknown}


   Skills:
 + Level 2.2 Fighting
 - Level 1.7 Throwing
 - Level 2.6 Dodging
 * Level 3.1 Unarmed Combat


You had one spell level left.
You didn't know any spells.
Your spell library was empty.

Dungeon Overview and Level Annotations

Branches:
Dungeon (1/15)

Altars:


Innate Abilities, Weirdness & Mutations

You regenerate magic rapidly.


Message History

You can't go up here!
A bat is nearby!
Unknown command.
Unknown command.
Unknown command.
You are too injured to fight recklessly!
The bat barely misses you.
There is a large open door here.
The bat hits you but does no damage. The bat closely misses you.
The bat barely misses you.
There is a staircase leading out of the dungeon here.
You hit the bat.
The bat is heavily wounded.
The bat hits you but does no damage.
You miss the bat.
The bat is heavily wounded.
The bat hits you. The bat hits you. The bat hits you but does no damage.
The bat hits you.
* * * LOW HITPOINT WARNING * * *
The bat hits you but does no damage. The bat hits you but does no damage.
You miss the bat.
The bat is heavily wounded.
The bat hits you but does no damage. The bat misses you.
You hit the bat.
The bat is severely wounded.
The bat closely misses you. The bat hits you.
* * * LOW HITPOINT WARNING * * *
The bat barely misses you. The bat hits you but does no damage.
The bat barely misses you.
You hit the bat.
You kill the bat!
Are you sure you want to leave the Dungeon?
This will make you lose the game!
You have escaped!

.#######≈≈≈........
#≈≈.....#... ####
#≈....≈.#.#. ##≈.+
#....≈#.#.. #≈≈.#
#..#≈≈#.#.##
#≈≈.####..##≈..#..
#≈...#....≈#..##.#
#≈...'........# .#
#≈@..'......#....#
#≈†..#......#≈≈..#
#≈≈.####.#.#≈≈#..#
#≈≈.# #...#≈.#..#
##≈.+ #....#....#
#### #≈........#
#≈≈...#.##


There were no monsters in sight!

Vanquished Creatures
  A ball python (D:1)
  A bat (D:1)
  2 endoplasms (D:1)
  A hobgoblin (D:1)
  3 kobolds (D:1)
8 creatures vanquished.

Notes
Turn   | Place    | Note
-------+----------+-------------------------------------------
     0 | D:1      | Alarkh the Demonspawn Gladiator began the quest for the
                  | Orb.
     0 | D:1      | Reached XP level 1. HP: 16/16 MP: 1/1
    48 | D:1      | Reached skill level 3 in Unarmed Combat
   144 | D:1      | Gained mutation: You regenerate magic rapidly. [demonic
                  | ancestry]
   144 | D:1      | Reached XP level 2. HP: 7/22 MP: 2/2
   186 | D:$      | Got out of the dungeon alive.

Illustrated notes

Levels and vault maps discovered:
D:1:      denvon_arrival_waterhouse, layout_basic,
          ebering_ecumenical_altar_rust, hangedman_feature_mirror

Skill      XL: |  1 |
---------------+----+-----
Unarmed Combat | 3 |  3.1
Fighting       | |  2.2
Throwing       | |  1.7
Dodging        | |  2.6

Action                   || total
-------------------------++-------
Melee: Unarmed           ||    24
Armor: Leather armour    ||    11
Dodge: Dodged            ||    13

Table legend: (Time is in decaauts)
 A = Elapsed time spent in this place.
 B = Non-inter-level travel time spent in this place.
 C = Inter-level travel time spent in this place.
 D = Time resting spent in this place.
 E = Time spent auto-exploring this place.
 F = Levels seen in this place.
 G = Mean time per level.
                   A        B        C        D        E       F      G
               +--------+--------+--------+--------+--------+-----+--------+
         Total |    185 |    168 |     17 |      0 |    101 |   1 |  185.0 |
       Dungeon |    185 |    168 |     17 |      0 |    101 |   1 |  185.0 |
               +--------+--------+--------+--------+--------+-----+--------+

Top non-repeatable levels by time:
     D:1: 185 daAuts
